SL
ROCKY MOUNTAIN NUGGETS @ PANAMA CITY PIRANHAS
05/25/2019
 
TOP OF THE 1ST
Rocky Mountain Nuggets batting - Pitching for Panama City Piranhas : RHP Gunner Hardy
Pitching: RHP Gunner Hardy
Batting: RHB Xie-li Kan 0-0: Fly out, F9 (Flyball, 89M)
Batting: RHB Mark O'Monaghan 0-0: Ball
1-0: Fly out, F8 (Flyball, 8RD)
Batting: RHB Mark Melton 0-0: Swinging Strike
0-1: Foul Ball, location: 2F
0-2: SINGLE (Line Drive, 6MD)
Batting: RHB David Verhoeve 0-0: Ball
1-0: Foul Ball, location: 2F
1-1: SINGLE (Groundball, 34)
Mark Melton to second
Runner from 2nd tries for 3rd, SAFE, throw made to third
Batting: SHB Jim Morris 0-0: Ball
1-0: Called Strike
1-1: Ball
2-1: Foul Ball, location: 2F
2-2: Ball
3-2: Base on Balls
David Verhoeve to second
Batting: SHB Jorge Colomo 0-0: SINGLE (Line Drive, 9S)
Mark Melton scores
David Verhoeve to third
Jim Morris to second
Runner from 3rd tries for Home, SAFE, no throw or cutoff
Batting: RHB Paul Smith 0-0: Ball
1-0: Foul Ball, location: 2F
1-1: Ball
2-1: Fly out, F8 (Flyball, 8LS)
Top of the 1st over - 2 run(s), 3 hit(s), 0 error(s), 2 left on base; Rocky Mountain 2 - Panama City 0
BOTTOM OF THE 1ST
Panama City Piranhas batting - Pitching for Rocky Mountain Nuggets : RHP Luis Miguel Rojas
Pitching: RHP Luis Miguel Rojas
Batting: LHB Miguel Martínez 0-0: Fly out, F8 (Flyball, 8RXD)
Batting: RHB Joel Lee 0-0: Ball
1-0: Foul Ball, location: 2F
1-1: Ball
2-1: Ball
3-1: SINGLE (Line Drive, 34D)
Batting: SHB Marc Talamante 0-0: Ball
1-0: Fielders Choice at 2nd, 4-6 (Groundball, 4)
Batting: RHB Harvey Porter 0-0: Ball
1-0: Swinging Strike
1-1: Swinging Strike
1-2: Strikes out swinging
Bottom of the 1st over - 0 run(s), 1 hit(s), 0 error(s), 1 left on base; Rocky Mountain 2 - Panama City 0
TOP OF THE 2ND
Rocky Mountain Nuggets batting - Pitching for Panama City Piranhas : RHP Gunner Hardy
Batting: LHB George Best 0-0: Bunt for hit - play at first, batter OUT! 1-3
Batting: RHB Luis Miguel Rojas 0-0: Called Strike
0-1: Fly out, F8 (Flyball, 89M)
Batting: RHB Xie-li Kan 0-0: Ball
1-0: Swinging Strike
1-1: SOLO HOME RUN (Flyball, 8LXD), Distance : 435 ft
Batting: RHB Mark O'Monaghan 0-0: Swinging Strike
0-1: Ball
1-1: Swinging Strike
1-2: Ball
2-2: Strikes out swinging
Top of the 2nd over - 1 run(s), 1 hit(s), 0 error(s), 0 left on base; Rocky Mountain 3 - Panama City 0
BOTTOM OF THE 2ND
Panama City Piranhas batting - Pitching for Rocky Mountain Nuggets : RHP Luis Miguel Rojas
Batting: SHB Theodore Buck 0-0: Ball
1-0: Called Strike
1-1: Swinging Strike
1-2: Ball
2-2: Fly out, F9 (Flyball, 9S)
Batting: LHB Francisco Sánchez 0-0: Ball
1-0: Fly out, F6 (Popup, 56D)
Batting: RHB William Hull 0-0: Ball
1-0: Foul Ball, location: 2F
1-1: Foul Ball, location: 2F
1-2: Ball
2-2: Ball
3-2: Ground out 3-1 (Groundball, 3)
Bottom of the 2nd over - 0 run(s), 0 hit(s), 0 error(s), 0 left on base; Rocky Mountain 3 - Panama City 0
TOP OF THE 3RD
Rocky Mountain Nuggets batting - Pitching for Panama City Piranhas : RHP Gunner Hardy
Batting: RHB Mark Melton 0-0: Ball
1-0: Ball
2-0: Called Strike
2-1: Fly out, F7 (Line Drive, 7M)
Batting: RHB David Verhoeve 0-0: Fly out, F3 (Popup, 3SF)
Batting: SHB Jim Morris 0-0: Called Strike
0-1: Ball
1-1: Called Strike
1-2: Ball
2-2: Ground out U3 (Groundball, 3L)
Top of the 3rd over - 0 run(s), 0 hit(s), 0 error(s), 0 left on base; Rocky Mountain 3 - Panama City 0
BOTTOM OF THE 3RD
Panama City Piranhas batting - Pitching for Rocky Mountain Nuggets : RHP Luis Miguel Rojas
Batting: LHB Arturo Guzmán 0-0: Called Strike
0-1: Ball
1-1: Foul Ball, location: 2F
1-2: Ball
2-2: Strikes out swinging
Batting: RHB Gunner Hardy 0-0: Ball
1-0: Foul Ball, location: 2F
1-1: SINGLE (Line Drive, 4M)
Batting: LHB Miguel Martínez 0-0: Ball
1-0: Swinging Strike
1-1: Fly out, F5 (Line Drive, 5S)
Batting: RHB Joel Lee 0-0: Ball
1-0: Called Strike
1-1: Fly out, F8 (Line Drive, 8LS)
Bottom of the 3rd over - 0 run(s), 1 hit(s), 0 error(s), 1 left on base; Rocky Mountain 3 - Panama City 0
TOP OF THE 4TH
Rocky Mountain Nuggets batting - Pitching for Panama City Piranhas : RHP Gunner Hardy
Batting: SHB Jorge Colomo 0-0: Called Strike
0-1: Ball
1-1: Swinging Strike
1-2: Ground out 1-3 (Groundball, 13S)
Batting: RHB Paul Smith 0-0: Swinging Strike
0-1: Ball
1-1: Ball
2-1: Ground out 5-3 (Groundball, 56S)
Batting: LHB George Best 0-0: Ball
1-0: Fly out, F7 (Flyball, 7S)
Top of the 4th over - 0 run(s), 0 hit(s), 0 error(s), 0 left on base; Rocky Mountain 3 - Panama City 0
BOTTOM OF THE 4TH
Panama City Piranhas batting - Pitching for Rocky Mountain Nuggets : RHP Luis Miguel Rojas
Batting: SHB Marc Talamante 0-0: Called Strike
0-1: Foul Ball, location: 2F
0-2: Ball
1-2: Foul Ball, location: 2F
1-2: Ball
2-2: Foul Ball, location: 2F
2-2: Ground out U3 (Groundball, 3L)
Batting: RHB Harvey Porter 0-0: Called Strike
0-1: SINGLE (Groundball, 56D)
Batting: SHB Theodore Buck 0-0: Ball
1-0: Grounds into double play, 4-6-3 (Groundball, 34)
Bottom of the 4th over - 0 run(s), 1 hit(s), 0 error(s), 0 left on base; Rocky Mountain 3 - Panama City 0
TOP OF THE 5TH
Rocky Mountain Nuggets batting - Pitching for Panama City Piranhas : RHP Gunner Hardy
Batting: RHB Luis Miguel Rojas 0-0: Called Strike
0-1: SINGLE (Line Drive, 7S)
Batting: RHB Xie-li Kan 0-0: Sac Bunt - play at second, runner safe!
Batting: RHB Mark O'Monaghan 0-0: SINGLE (Line Drive, 89S)
Luis Miguel Rojas to third
Xie-li Kan to second
Batting: RHB Mark Melton 0-0: Fly out, F2 (Popup, 2LF)
Batting: RHB David Verhoeve 0-0: Ball
1-0: Ball
2-0: Ground out 4-3 (Groundball, 4S)
Luis Miguel Rojas scores
Xie-li Kan to third
Mark O'Monaghan to second
Batting: SHB Jim Morris 0-0: Ball
1-0: Foul Ball, location: 2F
1-1: Fly out, F3 (Line Drive, 34)
Top of the 5th over - 1 run(s), 2 hit(s), 0 error(s), 2 left on base; Rocky Mountain 4 - Panama City 0
BOTTOM OF THE 5TH
Panama City Piranhas batting - Pitching for Rocky Mountain Nuggets : RHP Luis Miguel Rojas
Batting: LHB Francisco Sánchez 0-0: Fly out, F7 (Flyball, 7M)
Batting: RHB William Hull 0-0: SINGLE (Groundball, 4MD)
Batting: LHB Arturo Guzmán 0-0: Ball
1-0: Ball
2-0: Ball
Wild Pitch!
William Hull to second
3-0: Called Strike
3-1: Base on Balls
Pinch Hitting: LHB Steve Grimes 0-0: Ball
1-0: Called Strike
1-1: Foul Ball, location: 2F
1-2: Ball
2-2: Fly out, F7 (Flyball, 7M)
Batting: LHB Miguel Martínez 0-0: Ball
1-0: Called Strike
1-1: Swinging Strike
1-2: Foul Ball, location: 2F
1-2: Strikes out swinging
Bottom of the 5th over - 0 run(s), 1 hit(s), 0 error(s), 2 left on base; Rocky Mountain 4 - Panama City 0
TOP OF THE 6TH
Rocky Mountain Nuggets batting - Pitching for Panama City Piranhas : RHP Gunner Hardy
Pitching: RHP Lester Craft
Batting: SHB Jorge Colomo 0-0: Ball
1-0: Ground out 4-3 (Groundball, 34)
Batting: RHB Paul Smith 0-0: Ball
1-0: Fly out, F6 (Line Drive, 56D)
Batting: LHB George Best 0-0: Ball
1-0: Ball
2-0: Ball
3-0: Called Strike
3-1: Base on Balls
Batting: RHB Luis Miguel Rojas 0-0: Called Strike
0-1: Ball
1-1: Ball
2-1: Foul Ball, location: 2F
2-2: Foul Ball, location: 2F
2-2: Fielders Choice at 2nd, U6 (Groundball, 6M)
Top of the 6th over - 0 run(s), 0 hit(s), 0 error(s), 1 left on base; Rocky Mountain 4 - Panama City 0
BOTTOM OF THE 6TH
Panama City Piranhas batting - Pitching for Rocky Mountain Nuggets : RHP Luis Miguel Rojas
Batting: RHB Joel Lee 0-0: SOLO HOME RUN (Flyball, 7D), Distance : 358 ft
Batting: SHB Marc Talamante 0-0: Called Strike
0-1: Ball
1-1: Ball
2-1: Ball
3-1: Foul Ball, location: 2F
3-2: Strikes out swinging
Batting: RHB Harvey Porter 0-0: Ball
1-0: Swinging Strike
1-1: Swinging Strike
1-2: Ball
2-2: Fly out, F6 (Popup, 56D)
Batting: SHB Theodore Buck 0-0: Ball
1-0: Ball
2-0: SOLO HOME RUN (Flyball, 9D), Distance : 398 ft
Batting: LHB Francisco Sánchez 0-0: Called Strike
0-1: Ball
1-1: Ball
2-1: Ball
3-1: Base on Balls
Batting: RHB William Hull 0-0: Ball
1-0: Ball
2-0: Ball
3-0: Called Strike
3-1: Fielders Choice at 2nd, U4 (Groundball, 4M)
Bottom of the 6th over - 2 run(s), 2 hit(s), 0 error(s), 1 left on base; Rocky Mountain 4 - Panama City 2
TOP OF THE 7TH
Rocky Mountain Nuggets batting - Pitching for Panama City Piranhas : RHP Lester Craft
Batting: RHB Xie-li Kan 0-0: Ball
1-0: Called Strike
1-1: Ball
2-1: Ball
3-1: Foul Ball, location: 2F
3-2: Strikes out swinging
Batting: RHB Mark O'Monaghan 0-0: Ground out 1-3 (Groundball, 15S)
Batting: RHB Mark Melton 0-0: Ground out 1-3 (Groundball, 15S)
Top of the 7th over - 0 run(s), 0 hit(s), 0 error(s), 0 left on base; Rocky Mountain 4 - Panama City 2
BOTTOM OF THE 7TH
Panama City Piranhas batting - Pitching for Rocky Mountain Nuggets : RHP Luis Miguel Rojas
Batting: LHB Arturo Guzmán 0-0: Ball
1-0: Called Strike
1-1: Foul Ball, location: 2F
1-2: Foul Ball, location: 2F
1-2: Foul Ball, location: 2F
1-2: Foul Ball, location: 2F
1-2: Foul Ball, location: 2F
1-2: Strikes out swinging
Batting: RHB Hal Romaine 0-0: Ball
1-0: Ball
2-0: Called Strike
2-1: Ground out 4-3 (Groundball, 4)
Batting: LHB Miguel Martínez 0-0: Ball
1-0: Called Strike
1-1: SOLO HOME RUN (Flyball, 89XD), Distance : 395 ft
Batting: RHB Joel Lee 0-0: Foul Ball, location: 2F
0-1: Foul Ball, location: 2F
0-2: Strikes out swinging
Bottom of the 7th over - 1 run(s), 1 hit(s), 0 error(s), 0 left on base; Rocky Mountain 4 - Panama City 3
TOP OF THE 8TH
Rocky Mountain Nuggets batting - Pitching for Panama City Piranhas : LHP Albert Lucas
Pitching: LHP Albert Lucas
Now in LF: Hal Romaine
Batting: RHB David Verhoeve 0-0: Called Strike
0-1: Foul Ball, location: 2F
0-2: Ball
1-2: Ball
2-2: Foul Ball, location: 2F
2-2: SINGLE (Groundball, 56D)
Pinch Hitting: RHB Juan Ávila 0-0: Swinging Strike
0-1: Ball
1-1: Ball
2-1: Foul Ball, location: 2F
2-2: Foul Ball, location: 2F
2-2: Strikes out looking
Batting: SHB Jorge Colomo 0-0: Called Strike
0-1: Called Strike
0-2: Foul Ball, location: 2F
0-2: Foul Ball, location: 2F
0-2: Ball
1-2: Ball
2-2: Foul Ball, location: 2F
2-2: Fly out, F7 (Flyball, 8LXD)
Batting: RHB Paul Smith 0-0: Called Strike
0-1: Ball
1-1: Ball
2-1: Ball
3-1: Base on Balls
David Verhoeve to second
Pinch Hitting: LHB Egidio Agnolutto 0-0: Reached on error, E4 (Groundball, 4)
David Verhoeve to third
Paul Smith to second
Pinch Hitting: RHB Clint Anthony 0-0: Swinging Strike
0-1: Foul Ball, location: 2F
0-2: Fielders Choice at 2nd, 5-4 (Groundball, 56)
Top of the 8th over - 0 run(s), 1 hit(s), 1 error(s), 2 left on base; Rocky Mountain 4 - Panama City 3
BOTTOM OF THE 8TH
Panama City Piranhas batting - Pitching for Rocky Mountain Nuggets : RHP Luis Miguel Rojas
Pitching: RHP Juan Carlos Maestas
Now at 1B: Juan Ávila
Now in LF: Egidio Agnolutto
Batting: SHB Marc Talamante 0-0: Foul Ball, location: 2F
0-1: Called Strike
0-2: Strikes out looking
Batting: RHB Harvey Porter 0-0: Called Strike
0-1: Called Strike
0-2: Strikes out swinging
Batting: SHB Theodore Buck 0-0: Ball
1-0: Ball
2-0: Ball
3-0: Called Strike
3-1: Fly out, F8 (Line Drive, 8RM)
Bottom of the 8th over - 0 run(s), 0 hit(s), 0 error(s), 0 left on base; Rocky Mountain 4 - Panama City 3
TOP OF THE 9TH
Rocky Mountain Nuggets batting - Pitching for Panama City Piranhas : LHP Albert Lucas
Pitching: RHP Jessie Holley
Now at 1B: Pete Knight
Batting: RHB Xie-li Kan 0-0: Ball
1-0: Swinging Strike
1-1: Foul Ball, location: 2F
1-2: Ground out 1-3 (Groundball, 15)
Batting: RHB Mark O'Monaghan 0-0: Called Strike
0-1: Ball
1-1: Ground out 6-3 (Groundball, 6M)
Batting: RHB Mark Melton 0-0: Fly out, F7 (Flyball, 7M)
Top of the 9th over - 0 run(s), 0 hit(s), 0 error(s), 0 left on base; Rocky Mountain 4 - Panama City 3
BOTTOM OF THE 9TH
Panama City Piranhas batting - Pitching for Rocky Mountain Nuggets : RHP Juan Carlos Maestas
Pitching: LHP Ryan Miller
Batting: RHB Pete Knight 0-0: SINGLE (Line Drive, 6M)
Batting: RHB William Hull 0-0: Called Strike
0-1: Grounds into double play, 4-6-3 (Groundball, 4M)
Pinch Hitting: RHB Jeff Bass 0-0: SINGLE (Line Drive, 78M)
Batting: RHB Hal Romaine 0-0: Fly out, F4 (Popup, 8RS)
Bottom of the 9th over - 0 run(s), 2 hit(s), 0 error(s), 1 left on base; Rocky Mountain 4 - Panama City 3
This league is powered by Out of the Park Baseball, the baseball management simulation game for PC, Mac and Linux
Saturday, July 25th, 2015 - OOTP Baseball 15.6 Build 34